 Dungeon Crawl Stone Soup version 0.22-a0-858-g985ef60 (webtiles) character file.

7 Amnesiac the Vexing (level 1, -1/13 HPs)
             Began as a Mummy Enchanter on July 27, 2018.
             Slain by a hobgoblin (4 damage)
             ... on level 1 of the Dungeon.
             The game lasted 00:02:15 (316 turns).

Amnesiac the Vexing (Mummy Enchanter)                Turns: 316, Time: 00:02:16

Health: -1/13      AC:  2    Str: 11    XL:     1   Next: 83%
Magic:  3/4        EV: 12    Int: 14    God:
Gold:   0          SH:  0    Dex: 12    Spells: 4/5 levels left

rFire    x . .     SeeInvis .   a - +1 dagger
rCold    + . .     Gourm    .   (no shield)
rNeg     + + +     Faith    .   b - +0 robe
rPois    ∞         Spirit   .   (no helmet)
rElec    .         Reflect  .   (no cloak)
rCorr    .         Harm     .   (no gloves)
MR       .....                  (no boots)
Stlth    ++........             d - amulet of the acrobat
HPRegen  0.04/turn              c - +2 ring of slaying
MPRegen  0.09/turn              (no ring)

@: no status effects
A: no food or potions, fire vulnerability, cold resistance 1, negative energy
resistance 3, torment resistance, unbreathing
a: no special abilities


You were on level 1 of the Dungeon.
You were not hungry.

You visited 1 branch of the dungeon, and saw 2 of its levels.

Inventory:

Hand Weapons
 a - a +1 dagger (weapon)
Armour
 b - a +0 robe (worn)
Jewellery
 c - a +2 ring of slaying (left hand)
 d - an amulet of the acrobat (around neck)


   Skills:
 + Level 1.0 Short Blades
 - Level 1.5 Dodging
 - Level 2.4 Stealth
 + Level 2.9 Spellcasting
 * Level 2.9 Hexes


You had 4 spell levels left.
You knew the following spells:

 Your Spells              Type           Power        Failure   Level  Hunger
a - Corona                Hex            ##.....      6%          1    N/A

Your spell library contained the following spells:

 Spells                   Type           Power        Failure   Level  Hunger
 Confuse                  Hex            ##......     19%         3    N/A
 Tukima's Dance           Hex            ##......     19%         3    N/A
 Ensorcelled Hibernation  Hex/Ice        #.....       19%         2    N/A
 Dazzling Spray           Conj/Hex       #.....       34%         3    N/A

Dungeon Overview and Level Annotations

Branches:
Dungeon (2/15)

Altars:

Annotations:
D:1 exclusion: jackal


Innate Abilities, Weirdness & Mutations

You do not eat or drink.
Your flesh is vulnerable to fire.
You are immune to poison.
Your flesh is cold resistant. (rC+)
You are immune to negative energy. (rN+++)
You are immune to unholy pain and torment.
You can survive without breathing.


Message History

Put on which piece of jewellery? (? for menu, Esc to quit)
c - a +2 ring of slaying (left hand)
You start resting.
Magic restored.
You start resting.
HP restored.
You start resting.
HP restored.
Your amulet attunes itself to your body.
You feel like doing cartwheels.
A rat comes into view.
Found a blue potion.
The rat completely misses you.
You hit the rat.
You kill the rat!
Your Short Blades skill increases to level 1!
No target in view!
Things that are here:
a club; 16 sling bullets; a hobgoblin corpse
There is a stone staircase leading down here.
You climb downwards.
A quokka and 2 hobgoblins come into view.
Found 4 gold pieces.
There is a stone staircase leading up here.
The hobgoblin shouts! x2
Found a scroll labeled NEQOUPNYDE.
There is a stone staircase leading up here.
The quokka bites you but does no damage.
The hobgoblin barely misses you. The hobgoblin closely misses you.
You climb upwards.
Level annotation: exclusion: jackal
There is a stone staircase leading down here.
Casting: Corona (safe; 7% risk of failure)
Confirm with . or Enter, or press ? or * to list all spells.
Aiming: Corona (safe; 7% risk of failure)
Press: ? - help, Shift-Dir - straight line, f - hobgoblin
Aim: a hobgoblin, wielding a club (chance to defeat MR: 63%)
The hobgoblin is outlined in light.
The hobgoblin barely misses you. x2
Unknown command.
You completely miss the hobgoblin. The hobgoblin closely misses you.
You hit the hobgoblin.
The hobgoblin is lightly wounded.
The hobgoblin hits you with a club. The hobgoblin closely misses you.
You completely miss the hobgoblin.
The hobgoblin is lightly wounded.
The hobgoblin hits you with a club. The hobgoblin barely misses you.
You hit the hobgoblin but do no damage.
The hobgoblin is lightly wounded.
The hobgoblin hits you but does no damage.
The hobgoblin hits you.
You hit the hobgoblin.
The hobgoblin is heavily wounded.
The hobgoblin closely misses you. The hobgoblin barely misses you.
You hit the hobgoblin.
The hobgoblin is almost dead.
The hobgoblin hits you with a club.
* * * LOW HITPOINT WARNING * * *
The hobgoblin hits you.
* * * LOW HITPOINT WARNING * * *
You hit the hobgoblin.
You kill the hobgoblin!
The quokka bites you.
* * * LOW HITPOINT WARNING * * *
The hobgoblin hits you.
You die...

.....†(#.#......#
######..........#
#.#.#.....###
#..#...#..((#
###.###.###.#
#.....# #.#
#####.# #.# #.#
#g# #.# #@# #.#
#r# #.# #(# #.#
.#. # #


You could see a quokka and a hobgoblin.

Vanquished Creatures
  3 hobgoblins (D:1)
  A kobold (D:1)
  A bat (D:1)
  A rat (D:1)
6 creatures vanquished.

Notes
Turn   | Place    | Note
-------+----------+-------------------------------------------
     0 | D:1      | Amnesiac the Mummy Enchanter began the quest for the Orb.
     0 | D:1      | Reached XP level 1. HP: 13/13 MP: 4/4
   285 | D:1      | Reached skill level 1 in Short Blades
   316 | D:1      | Slain by a hobgoblin

Vault maps used:
D:1:      minmay_arrival_cross

Skill      XL: |  1 |
---------------+----+-----
Short Blades   | 1 |  1.0
Dodging        | |  1.5
Stealth        | |  2.4
Spellcasting   | |  2.9
Hexes          | |  2.9

Action                   || total
-------------------------++-------
Melee: Dagger            ||    19
 Cast: Corona            ||     6
Armor: Robe              ||     3
Dodge: Dodged            ||    17

Table legend:
 A = Spawn XP
 B = Non-spawn XP
 C = Spawn XP percentage of total XP
 D = Spawn monster count
 E = Non-spawn monster count
 F = Spawn count percentage of total count
 G = Total turns spent on level
                    A         B        C        D         E        F      G
               +---------+---------+-------+---------+---------+-------+---------
         Total |       0 |      10 |   0.0 |       0 |       6 |   0.0 |   316
               +---------+---------+-------+---------+---------+-------+---------
           D:1 |       0 |      10 |   0.0 |       0 |       6 |   0.0 |   312
               +---------+---------+-------+---------+---------+-------+---------
